 Dungeon Crawl Stone Soup version 0.17.1-1-g73c8601 (webtiles) character file.

175 Miyamura the Ogre Mage (level 5, -1/50 HPs)
             Began as an Ogre Ice Elementalist on Dec 27, 2015.
             Shot with an arrow of flame by a centaur (2 damage)
             ... on level 4 of the Dungeon.
             The game lasted 00:06:51 (3226 turns).

Miyamura the Ogre Mage (Ogre Ice Elementalist)      Turns: 3226, Time: 00:06:51

Health: -1/50      AC:  4    Str: 14    XL:     5   Next: 55%
Magic:  9/9        EV: 10    Int: 14    God:
Gold:   110        SH:  0    Dex: 10    Spells: 2 memorised, 6 levels left

rFire  . . .     SeeInvis .     g - +0 club
rCold  . . .     Clarity  .     a - +1 robe
rNeg   + . .     SustAt   .     (no shield)
rPois  +         Gourm    .     (helmet restricted)
rElec  .         Spirit   .     (no cloak)
rCorr  .         Warding  +     (gloves unavailable)
rMut   .         Stasis   .     (boots unavailable)
MR     .....                    f - amulet of warding
Stlth  +.........               (no ring)
                                e - ring of poison resistance

@: confused, about to teleport, not resistant to hostile enchantments, very
unstealthy
A: unfitting armour, tough skin 1
a: no special abilities


You were on level 4 of the Dungeon.
You were not hungry.

You visited 1 branch of the dungeon, and saw 4 of its levels.

You collected 110 gold pieces.

Inventory:

Hand Weapons
 g - a +0 club (weapon)
Missiles
 j - 4 large rocks (quivered)
Armour
 a - a +1 robe (worn)
Jewellery
 e - a ring of poison resistance (left hand)
 f - an amulet of warding (around neck)
Scrolls
 d - a scroll of recharging
 h - 2 scrolls of teleportation
 m - a scroll of amnesia
Potions
 i - a potion of degeneration {unknown}
 n - a potion of flight {unknown}
 o - a potion of invisibility {unknown}
 p - a potion of haste {unknown}
Books
 b - a book of Frost

   Spells                             Type                      Level
   a - Freeze                         Ice                          1
   b - Throw Frost                    Conjuration/Ice              2
   c - Ozocubu's Armour               Charms/Ice                   3
   d - Throw Icicle                   Conjuration/Ice              4
   e - Summon Ice Beast               Ice/Summoning                4
   f - Condensation Shield            Ice                          4
Comestibles
 c - a bread ration
 l - 3 meat rations
 q - 3 chunks of flesh


   Skills:
 + Level 2.6 Fighting
 + Level 2.2 Maces & Flails
 + Level 2.8 Dodging
 - Level 1.5 Stealth
 + Level 3.2 Spellcasting
   Level 0.6 Conjurations
 + Level 1.0 Charms
 + Level 2.6 Ice Magic


You had 6 spell levels left.
You knew the following spells:

 Your Spells              Type           Power        Failure   Level  Hunger
a - Freeze                Ice            #...         10%         1    #......
b - Ozocubu's Armour      Chrm/Ice       #.......     30%         3    ###....


Dungeon Overview and Level Annotations

Branches:
Dungeon (4/15)
 Temple: D:4-7

Altars:


Innate Abilities, Weirdness & Mutations

You are too large for most types of armour.
You have tough skin (AC +1).


Message History

The arrow of flame hits you! The arrow of flame burns you.
The centaur shoots an arrow of flame.
The arrow of flame closely misses you.
Read which item? (? for menu, Esc to quit)
As you read the scroll of teleportation, it crumbles to dust.
You feel strangely unstable.
The centaur shoots an arrow of flame.
The arrow of flame hits you! The arrow of flame burns you!
* * * LOW HITPOINT WARNING * * *
Unknown command.
Drink which item? (? for menu, Esc to quit)
It was a potion of ambrosia.
You are confused.
You feel invigorated.
The centaur shoots an arrow of flame.
The arrow of flame hits you.
* * * LOW HITPOINT WARNING * * *
The arrow of flame burns you.
* * * LOW HITPOINT WARNING * * *
The centaur shoots an arrow of flame.
The arrow of flame hits you!
* * * LOW HITPOINT WARNING * * *
The arrow of flame burns you.
You die...

#+## ##..c##
##.....##
##.).....###.
#.........#..
+...........
#.........#
#.@.....#
##.....##
##...## ##'##
###.#
#####...#
#.......###
#.#.......#
#.#.....####.#


You could see a centaur.

Vanquished Creatures
  A hound (D:4)
  An orc wizard (D:3)
  5 adders (D:2)
  An ooze (D:1)
  A worm (D:2)
  A giant gecko (D:2)
  4 orcs (D:3)
  A ball python (D:2)
  8 bats
  A giant cockroach (D:2)
  6 hobgoblins
  6 jackals (D:2)
  11 kobolds
  A quokka (D:2)
  6 giant newts
  3 goblins
  4 rats
61 creatures vanquished.

Notes
Turn   | Place    | Note
--------------------------------------------------------------
     0 | D:1      | Miyamura the Ogre Ice Elementalist began the quest for the Orb.
     0 | D:1      | Reached XP level 1. HP: 16/16 MP: 3/3
   313 | D:1      | Reached skill level 1 in Fighting
   452 | D:1      | Reached XP level 2. HP: 21/27 MP: 5/5
   928 | D:1      | Reached skill level 1 in Maces & Flails
  1175 | D:1      | Reached XP level 3. HP: 31/33 MP: 7/7
  1538 | D:2      | Learned a level 3 spell: Ozocubu's Armour
  1656 | D:2      | Reached XP level 4. HP: 37/42 MP: 8/8
  2374 | D:2      | Reached skill level 3 in Spellcasting
  2706 | D:3      | Reached XP level 5. HP: 45/50 MP: 0/9
  2724 | D:3      | Reached skill level 1 in Charms
  3148 | D:3      | You fall through a shaft!
  3223 | D:4      | Noticed a centaur
  3226 | D:4      | HP: 1/50 [centaur/arrow of flame (7)]
  3226 | D:4      | Shot with an arrow of flame by a centaur

Action                   |  1- 3 |  4- 6 || total
-------------------------+-------+-------++-------
Melee: Club              |   114 |    84 ||   198
       Unarmed           |     8 |       ||     8
 Cast: Freeze            |    30 |    39 ||    69
  Use: Scroll            |     5 |     2 ||     7
       Potion            |       |     1 ||     1
 Stab: Sleeping          |     2 |     1 ||     3
  Eat: Chunk             |     3 |     5 ||     8
